 Dungeon Crawl Stone Soup version 0.23-a0-667-gc184e93 (webtiles) character file.

207 Blackhawk the Covered (level 5, -14/34 HPs)
             Began as a Gargoyle Fighter on Jan 8, 2019.
             Was a Believer of Ru.
             Demolished by an ogre
             ... wielding a +0 giant club
              (17 damage)
             ... on level 3 of the Dungeon.
             The game lasted 00:05:39 (2855 turns).

Blackhawk the Covered (Gargoyle Fighter)            Turns: 2855, Time: 00:05:39

Health: -14/34     AC: 13    Str: 21    XL:     5   Next: 85%
Magic:  5/5        EV:  7    Int:  8    God:    Ru [**....]
Gold:   164        SH:  9    Dex:  9    Spells: 4/4 levels left

rFire    x . .     SeeInvis .   a - +0 flail
rCold    x . .     Gourm    .   c - +0 shield
rNeg     + . .     Faith    .   b - +0 scale mail
rPois    ∞         Spirit   .   j - +1 hat
rElec    +         Reflect  .   (no cloak)
rCorr    .         Harm     .   (no gloves)
MR       .....                  l - +0 pair of boots
Stlth    ..........             (no amulet)
HPRegen  0.11/turn              (no ring)
MPRegen  0.09/turn              (no ring)

@: no status effects
A: negative energy resistance 1, electricity resistance, unbreathing,
petrification resistance, rot immunity, temperature sensitive, AC +4
a: Renounce Religion


You were on level 3 of the Dungeon.
You worshipped Ru.
Ru was pleased with you.
You were hungry.

You visited 1 branch of the dungeon, and saw 4 of its levels.

You collected 164 gold pieces.

Inventory:

Hand Weapons
 a - a +0 flail (weapon)
Armour
 b - a +0 scale mail (worn)
 c - a +0 shield (worn)
 j - a +1 hat (worn)
 l - a +0 pair of boots (worn)
 A - a +0 large shield
Jewellery
 r - a cursed ring of attention {unknown}
Wands
 w - a wand of digging (5)
Scrolls
 e - a scroll of fog {unknown}
 g - 2 scrolls of remove curse {unknown}
 i - 6 scrolls of identify {unknown}
 k - 3 scrolls of teleportation {unknown}
 n - a scroll of magic mapping {unknown}
 o - a scroll of blinking {unknown}
 p - a scroll of amnesia {unknown}
 s - a scroll of immolation {unknown}
 x - a scroll of noise {unknown}
 y - 2 scrolls of enchant weapon {unknown}
Potions
 d - a potion of might
 h - 2 potions of brilliance {unknown}
 m - a potion of cancellation {unknown}
 q - 2 potions of agility
 t - a potion of flight {unknown}
 u - a potion of lignification {unknown}
 v - 2 potions of curing {unknown}
 z - a potion of berserk rage {unknown}
 B - a potion of mutation {unknown}
Comestibles
 f - 7 rations


   Skills:
 + Level 4.4 Fighting
 + Level 3.3 Maces & Flails
 + Level 4.5 Armour
 + Level 0.1 Dodging
 + Level 4.4 Shields


You had 4 spell levels left.
You didn't know any spells.
Your spell library was empty.

Dungeon Overview and Level Annotations

Branches:
Dungeon (4/15)
 Temple: D:4-7

Altars:
Qazlal
Ru
Trog
Xom
The Shining One


Innate Abilities, Weirdness & Mutations

You are resistant to torment.
Your stone body is resilient. (AC +4)
You are immune to poison.
You resist negative energy. (rN+)
You are resistant to electric shocks. (rElec)
You can survive without breathing.
You are immune to petrification.
You are immune to rotting.
You are sensitive to extremes of temperature. (rF-, rC-)


Message History

You climb upwards.
There is a stone staircase leading down here.
You hit the ogre but do no damage.
The ogre is moderately wounded.
You block the ogre's attack.
You hit the ogre.
The ogre is heavily wounded.
The ogre hits you with a +0 giant club!
You hit the ogre.
The ogre is severely wounded.
The ogre hits you with a +0 giant club!
You hit the ogre but do no damage.
The ogre is severely wounded.
The ogre hits you with a +0 giant club!
* * * LOW HITPOINT WARNING * * *
You completely miss the ogre.
The ogre is severely wounded.
The ogre hits you with a +0 giant club!
Ouch! That really hurt!
You die...

#.##......)............
#.#######.......#####..
#.# ##.##........##.
#.######..##.##.###.##.
#.##..........#........
#......#..##..#.###.##.
####..##..##..#........
#..##..##....)......
#.#@O............##.
#..##..###.....####.
#.###...............
#.# #.####.....#####
#.# #.##.[....## #.#
#.##.###.## #.# #....#
#.# #.######.###.#
#............#


You could see an ogre.

Vanquished Creatures
  A howler monkey (D:2)
  Natasha (thrice) (D:2)
  3 adders
  2 worms (D:2)
  A dart slug (D:1)
  2 leopard geckos (D:2)
  An orc (D:3)
  7 bats
  4 giant cockroaches
  3 goblins (D:2)
  8 hobgoblins
  4 jackals
  2 quokkas
  2 frilled lizards (D:1)
  A jackal zombie (D:2)
  10 kobolds
  5 rats
59 creatures vanquished.

Notes
Turn   | Place    | Note
-------+----------+-------------------------------------------
     0 | D:1      | Blackhawk the Gargoyle Fighter began the quest for the Orb.
     0 | D:1      | Reached XP level 1. HP: 14/14 MP: 1/1
   291 | D:1      | Reached XP level 2. HP: 19/19 MP: 2/2
   854 | D:2      | Reached XP level 3. HP: 21/24 MP: 3/3
   985 | D:2      | Found a sacrificial altar of Ru.
   996 | D:2      | Became a worshipper of Ru the Awakened
  1055 | D:2      | Noticed Natasha
  1065 | D:2      | Killed Natasha
  1065 | D:2      | Reached XP level 4. HP: 25/29 MP: 4/4
  1297 | D:2      | Reached XP level 5. HP: 24/33 MP: 5/5
  1473 | D:2      | Noticed Natasha
  1477 | D:2      | Killed Natasha
  1520 | D:2      | Noticed Natasha
  1533 | D:2      | Killed Natasha
  1745 | D:2      | Found a glowing silver altar of Zin.
  1747 | D:2      | Found a shimmering altar of Xom.
  1747 | D:2      | Found a hide-covered altar of Uskayaw.
  1792 | D:2      | Found a stormy altar of Qazlal.
  1792 | D:2      | Found a glowing golden altar of the Shining One.
  1792 | D:2      | Found a shimmering altar of Xom.
  2325 | D:3      | Gained mutation: You are sensitive to extremes of
                  | temperature. (rF-, rC-) [Ru sacrifice]
  2325 | D:3      | Reached * piety under Ru
  2325 | D:3      | Reached ** piety under Ru
  2581 | D:3      | Found a bloodstained altar of Trog.
  2842 | D:4      | Noticed an ogre
  2855 | D:3      | Demolished by an ogre

Vault maps used:
D:1:      elethiomel_arrival_quiet
D:2:      nicolae_ru_path_of_blood, doesnt_xom_only_xom, uniq_natasha
D:3:      lemuel_round_altar, serial_park_tiny_1, grunt_decor_fettered,
          serial_bayou_pond_e
D:4:      kiku_gazebo_garden_becter, zin_treasury, lemuel_crystal_altar,
          first_ration, corexii_corridor_pit, yredelemnul_altar_generic

Skill      XL: |  1  2  3  4 |
---------------+-------------+-----
Armour         | 4 |  4.5
Fighting       | 4 |  4.4
Shields        | 4 |  4.4
Maces & Flails | 3 |  3.3
Dodging        | |  0.1

Action                   |  1- 3 |  4- 6 || total
-------------------------+-------+-------++-------
Melee: Flail             |    92 |   188 ||   280
Invok: Sacrifice Resista |       |     1 ||     1
  Eat: Chunk             |     1 |     5 ||     6
Armor: Scale mail        |    58 |    97 ||   155
Dodge: Dodged            |    27 |    72 ||    99
Block: Shield            |    56 |   108 ||   164

Table legend:
 A = Non-vault XP
 B = Vault XP
 C = Vault XP percentage of total XP
 D = Non-vault monster count
 E = Vault monster count
 F = Vault count percentage of total count
                 A         B        C        D         E       F
            +---------+---------+-------+---------+---------+-------
      Total |     264 |      33 |  11.1 |      58 |       1 |   1.7
            +---------+---------+-------+---------+---------+-------
        D:1 |      25 |       0 |   0.0 |      15 |       0 |   0.0
        D:2 |     203 |      33 |  14.0 |      29 |       1 |   3.3
        D:3 |      36 |       0 |   0.0 |      14 |       0 |   0.0
            +---------+---------+-------+---------+---------+-------
